 Dungeon Crawl Stone Soup version 0.30.1 (webtiles) character file.

Game seed: 1389645963489372725

16207 cheesebisquit the Slicer (level 12, -4/142 HPs)
             Began as a Merfolk Gladiator on July 1, 2023.
             Was a Follower of Uskayaw.
             Slain by a skeletal warrior
             ... wielding a +0 halberd
              (10 damage)
             ... on level 12 of the Dungeon.
             The game lasted 01:11:22 (16790 turns).

cheesebisquit the Slicer (Merfolk Gladiator)       Turns: 16790, Time: 01:11:22

Health: -4/142     AC: 26    Str: 14    XL:     12   Next: 35%
Magic:  16/16      EV:  2    Int: 11    God:    Uskayaw [*.....]
Gold:   365        SH:  5    Dex: 17    Spells: 2/15 levels left

rFire   . . .        (no weapon)
rCold   . . .        e - +0 buckler
rNeg    . . .        P - melded +0 troll leather armour
rPois   +            c - melded +1 helmet
rElec   .            R - melded scarf {repulsion}
rCorr   .            K - melded +1 pair of gloves
SInv    .            s - melded +0 pair of boots
Will    .....        J - amulet of regeneration
Stlth   ++++         B - ring of poison resistance
HPRegen 1.23/turn    (no ring)
MPRegen 0.15/turn

%: no passive effects
@: tree-form (expiring), weak-willed
A: stationary, stasis, torment immunity, boosted hp, (nimble swimmer 2),
(mertail)
a: Renounce Religion, Stomp


You were on level 12 of the Dungeon.
You worshipped Uskayaw.
Uskayaw was noncommittal.
You were a tree.
You visited 2 branches of the dungeon, and saw 13 of its levels.

You collected 651 gold pieces.
You spent 286 gold pieces at shops.

Inventory:

Hand Weapons
 a - a +0 rapier
 b - a +2 dagger of flaming
 d - a +4 short sword of venom
 f - a +1 dagger of holy wrath
 i - a +0 vampiric short sword
 p - a +0 sling
Missiles
 m - 3 throwing nets
 v - 29 poisoned darts
 A - 2 javelins
 E - a boomerang
Armour
 c - a +1 helmet (melded)
 e - a +0 buckler (worn)
 s - a +0 pair of boots (melded)
 u - a +3 leather armour of fire resistance
 G - a +2 robe of cold resistance
 K - a +1 pair of gloves (melded)
 L - the +0 ring mail of Incorporation {Dex+2}
   (You found it on level 11 of the Dungeon)

   Dex:       It affects your dexterity (+2).
 O - +0 swamp dragon scales
 P - a +0 troll leather armour (melded)
 R - a scarf of repulsion (melded)
Jewellery
 y - an amulet of the acrobat
 z - an amulet of guardian spirit
 B - a ring of poison resistance (left branch)
 H - a ring of fire
 J - an amulet of regeneration (around neck)
 M - an amulet of magic regeneration
Wands
 r - a wand of paralysis (13)
 t - a wand of quicksilver (7)
 N - a wand of flame (19)
Scrolls
 n - 7 scrolls of amnesia
 o - 2 scrolls of immolation
 q - a scroll of magic mapping
 w - 5 scrolls of teleportation
 I - a scroll of blinking {unknown}
 Q - a scroll of acquirement {unknown}
Potions
 h - 2 potions of lignification
 l - 2 potions of cancellation
 C - a potion of magic
 D - 3 potions of brilliance
 F - 3 potions of attraction


   Skills:
 + Level 9.0 Fighting
 - Level 11.2 Short Blades
 - Level 2.0 Throwing
 + Level 11.0 Dodging
 + Level 9.4 Stealth
 + Level 3.8 Shields
 - Level 2.0 Spellcasting
 + Level 7.2 Hexes
 - Level 5.0 Ice Magic
 + Level 6.2 Invocations


You had 2 spell levels left.
You knew the following spells:

 Your Spells              Type           Power      Damage    Failure   Level
a - Ensorcelled Hibernat  Hex/Ice        28%        N/A       4%          2
b - Enfeeble              Hex            8%         N/A       100%        7
c - Cause Fear            Hex            8%         N/A       19%         4

Your spell library contained the following spells:

 Spells                   Type           Power      Damage    Failure   Level
 Sting                    Tmut/Pois      4%         1d3       36%         1
 Cigotuvi's Dreadful Rot  Necr/Pois/Air  2%         N/A       50%         2
 Passwall                 Tmut/Erth      0%         N/A       50%         2
 Poisonous Vapours        Pois/Air       2%         N/A       50%         2
 Frozen Ramparts          Ice            24%        1d4       14%         3
 Hailstorm                Conj/Ice       6%         3d4       38%         3
 Anguish                  Hex/Necr       4%         N/A       65%         4
 Metabolic Englaciation   Hex/Ice        7%         N/A       65%         5
 Swiftness                Air            1%         N/A       75%         3
 Ice Form                 Ice/Tmut       6%         N/A       80%         4
 Summon Ice Beast         Ice/Summ       6%         N/A       80%         4
 Dispel Undead            Necr           1%         3d6       98%         4
 Olgreb's Toxic Radiance  Pois           1%         N/A       98%         4
 Petrify                  Tmut/Erth      1%         N/A       98%         4
 Death Channel            Necr           0%         N/A       100%        6
 Simulacrum               Ice/Necr       3%         N/A       100%        6
 Statue Form              Tmut/Erth      0%         N/A       100%        6


Dungeon Overview and Level Annotations

Branches:
Dungeon (12/15)            Temple (1/1) D:6            Lair (0/5) D:11
    Orc (0/2) D:10

Altars:
Ashenzari
Cheibriados
Dithmenos
Elyvilon
Gozag
Hepliaklqana
Kikubaaqudgha
Makhleb
Nemelex Xobeh
Okawaru
Qazlal
Ru
Sif Muna
Trog
Uskayaw
Vehumet
Xom
Yredelemnul
Zin
The Shining One

Shops:
D:1 !   D:4 *

Annotations:
D:12 Urug


Innate Abilities, Weirdness & Mutations

You are a tree.
Your roots penetrate the ground, keeping you stationary.
You cannot be teleported.
You are immune to unholy pain and torment.
Your maximum health is greatly increased.
Your equipment is partially melded.
((You are very nimble when in or above water. (Stealth+, EV+, Speed+++)))
((Your lower body shifts to a powerful aquatic tail in water.))


Message History

The skeletal warrior hits you with a +0 long sword!
The skeletal warrior hits you with a +0 battleaxe.
The skeletal warrior hits you from afar with a +0 halberd!
* * * LOW HITPOINT WARNING * * *
You hit the skeletal warrior but do no damage.
The skeletal warrior is moderately damaged.
You feel sick.
You are no longer poisoned.
The skeletal warrior barely misses you.
A skeletal warrior comes into view. It is wielding a +0 hand axe.
The skeletal warrior hits you but does no damage.
The skeletal warrior hits you from afar with a +0 halberd.
* * * LOW HITPOINT WARNING * * *
Okay, then.
As you read the scroll of fog, it crumbles to dust.
The scroll dissolves into smoke.
The skeletal warrior hits you with a +0 long sword!
* * * LOW HITPOINT WARNING * * *
You block the skeletal warrior's attack. x2
The air fills with toxic fumes!
As you read the scroll labelled DONTAO CIODGHE, it crumbles to dust.
It was a scroll of poison.
Your transformation is almost over.
You block the skeletal warrior's attack.
The skeletal warrior hits you from afar with a +0 halberd.
* * * LOW HITPOINT WARNING * * *
The skeletal warrior hits you but does no damage.
As you read the scroll labelled UCYVIU TINONT, it crumbles to dust.
You feel a surge of unholy energy.
It was a scroll of torment.
The skeletal warrior hits you with a +0 long sword.
* * * LOW HITPOINT WARNING * * *
The skeletal warrior hits you but does no damage.
The skeletal warrior hits you with a +0 battleaxe!
* * * LOW HITPOINT WARNING * * *
As you read the scroll labelled RIRIHASOLE, it crumbles to dust.
Magic quickly surges around you.
It was a scroll of vulnerability.
The skeletal warrior hits you but does no damage.
You block the skeletal warrior's attack.
The skeletal warrior hits you from afar with a +0 halberd!
You die...

#.....z.z..
.
#.........#
#.........#
#........#
#........#
#§.......##
#§§........
##§§§####
#(..zz♣§#
#...§zz§#
#...§§§§#
#########


You could see 4 skeletal warriors.

Vanquished Creatures
  Josephine (D:10)
  5 two-headed ogres
  A boulder beetle (D:12)
  Pikel (D:7)
  A wolf spider zombie (D:10)
  A manticore (D:11)
  4 centaur zombies (D:10)
  A gargoyle (D:12)
  Maggie (D:10)
  2 centaur skeletons (D:10)
  3 tengu conjurers (D:9)
  2 trolls (D:10)
  2 hellwings (D:10)
  Grinder (D:3)
  A hornet (D:8)
  8 yaks
  5 wraiths
  2 wyverns
  Duvessa (D:4)
  A water moccasin (D:8)
  3 orc warriors
  A black bear (D:4)
  2 ice beasts
  A sky beast (D:8)
  2 ogres (D:5)
  8 centaurs
  A lemure (D:7)
  A phantom (D:5)
  A kobold brigand (D:8)
  5 bullfrogs
  4 scorpions
  3 gnoll sergeants
  Dowan (D:4)
  6 wights
  3 killer bees (D:8)
  4 jellies
  6 hounds
  A gnoll bouda (D:5)
  4 orc priests
  Ijyb (D:5)
  5 sleepcaps
  Terence (D:3)
  2 iguanas (D:4)
  7 orc wizards
  17 gnolls
  10 adders
  7 shadow imps
  An ufetubus (D:5)
  2 worms
  A dart slug (D:1)
  22 orcs
  7 endoplasms
  5 giant cockroaches
  8 goblins
  10 hobgoblins
  13 jackals
  13 kobolds
  5 quokkas
  6 ball pythons
  5 bats
  6 rats
255 creatures vanquished.

Notes
Turn   | Place    | Note
-------+----------+-------------------------------------------
     0 | D:1      | cheesebisquit the Merfolk Gladiator began the quest for the
                  | Orb.
     0 | D:1      | Reached XP level 1. HP: 16/16 MP: 1/1
   172 | D:1      | Found Atirgh's Distillery.
   284 | D:1      | Reached XP level 2. HP: 23/23 MP: 2/2
  1019 | D:2      | Reached skill level 1 in Stealth
  1062 | D:2      | Reached XP level 3. HP: 13/28 MP: 3/3
  1201 | D:2      | Found a faded altar of an unknown god.
  1733 | D:1      | Bought a potion of curing for 33 gold pieces
  1733 | D:1      | Bought a potion of heal wounds for 55 gold pieces
  2012 | D:3      | Reached XP level 4. HP: 34/34 MP: 4/4
  2014 | D:3      | Noticed Terence
  2189 | D:3      | Found a sacrificial altar of Ru.
  2191 | D:3      | Noticed a scorpion
  2477 | D:3      | Killed Terence
  2478 | D:3      | Reached skill level 5 in Short Blades
  2478 | D:3      | Reached skill level 1 in Spellcasting
  2478 | D:3      | Reached XP level 5. HP: 19/41 MP: 6/6
  3084 | D:3      | Noticed Grinder
  3150 | D:4      | Reached skill level 5 in Dodging
  3173 | D:4      | Reached XP level 6. HP: 24/47 MP: 8/8
  3279 | D:4      | Noticed a black bear
  3288 | D:4      | Killed a black bear
  3345 | D:4      | Learned a level 2 spell: Ensorcelled Hibernation
  3512 | D:4      | Noticed Dowan
  3644 | D:4      | Reached XP level 7. HP: 28/53 MP: 10/10
  3655 | D:4      | Learned a level 7 spell: Enfeeble
  3810 | D:4      | Found an ancient bone altar of Kikubaaqudgha.
  4015 | D:4      | Found Xiam's Elemental Accessories.
  4043 | D:4      | Found a hazy altar of Hepliaklqana.
  4255 | D:4      | Noticed Duvessa
  4290 | D:4      | Killed Duvessa
  4291 | D:4      | Reached skill level 1 in Hexes
  4291 | D:4      | Reached skill level 1 in Ice Magic
  4408 | D:4      | Killed Dowan
  4579 | D:1      | Bought a potion of invisibility for 88 gold pieces
  4792 | D:3      | Killed Grinder
  4841 | D:3      | Found a sacrificial altar of Ru.
  4868 | D:3      | Reached XP level 8. HP: 59/61 MP: 11/11
  5391 | D:4      | Found a hazy altar of Hepliaklqana.
  5419 | D:4      | Found Xiam's Elemental Accessories.
  5460 | D:4      | Found an ancient bone altar of Kikubaaqudgha.
  5812 | D:5      | Entered Level 5 of the Dungeon
  5991 | D:5      | Noticed Ijyb
  6011 | D:5      | Killed Ijyb
  6207 | D:5      | Noticed a wyvern
  6312 | D:5      | Killed a wyvern
  6874 | D:5      | Reached skill level 5 in Fighting
  7520 | D:6      | Found a staircase to the Ecumenical Temple.
  7532 | Temple   | Entered the Ecumenical Temple
  7637 | Temple   | Became a worshipper of Uskayaw the Reveller
  7667 | D:6      | Reached * piety under Uskayaw
  7738 | D:6      | Reached XP level 9. HP: 68/68 MP: 12/12
  7814 | D:6      | Reached ** piety under Uskayaw
  7946 | D:6      | Reached skill level 5 in Stealth
  9351 | D:1      | Bought a potion of haste for 110 gold pieces
  9529 | D:7      | Found an opulent altar of Gozag.
  9529 | D:7      | Found a basalt altar of Yredelemnul.
  9584 | D:7      | Found a glowing golden altar of the Shining One.
  9630 | D:7      | Reached *** piety under Uskayaw
  9992 | D:7      | Noticed Pikel
 10010 | D:7      | Killed Pikel
 10413 | D:7      | Found an opulent altar of Gozag.
 10416 | D:7      | Found a basalt altar of Yredelemnul.
 10734 | D:7      | Found a glowing golden altar of the Shining One.
 11001 | D:8      | Reached XP level 10. HP: 76/76 MP: 13/13
 11065 | D:8      | Reached skill level 10 in Short Blades
 11065 | D:8      | Reached **** piety under Uskayaw
 11066 | D:8      | Reached skill level 1 in Invocations
 11207 | D:8      | Paralysed by a hornet for 1 turns
 11211 | D:8      | Reached skill level 5 in Ice Magic
 12325 | D:9      | Noticed a two-headed ogre
 12344 | D:9      | Killed a two-headed ogre
 12668 | D:9      | Reached skill level 5 in Hexes
 13518 | D:9      | Found the sphere of Battle
 13919 | D:10     | Entered Level 10 of the Dungeon
 14042 | D:10     | Reached XP level 11. HP: 68/84 MP: 14/14
 14074 | D:10     | Noticed a two-headed ogre
 14081 | D:10     | Killed a two-headed ogre
 14395 | D:10     | Noticed Maggie
 14397 | D:10     | Killed Maggie
 14563 | D:10     | Reached skill level 1 in Shields
 14704 | D:10     | Found a staircase to the Orcish Mines.
 14730 | D:10     | Reached skill level 10 in Dodging
 14961 | D:10     | Reached skill level 5 in Invocations
 15008 | D:10     | Learned a level 4 spell: Cause Fear
 15159 | D:10     | Noticed Josephine
 15232 | D:10     | Reached ***** piety under Uskayaw
 15254 | D:10     | Killed Josephine
 15428 | D:11     | Found a staircase to the Lair.
 15472 | D:11     | Noticed a two-headed ogre
 15480 | D:11     | Killed a two-headed ogre
 15624 | D:11     | Reached XP level 12. HP: 69/94 MP: 12/16
 16064 | D:11     | Noticed a two-headed ogre
 16072 | D:11     | Killed a two-headed ogre
 16137 | D:11     | Identified the +0 ring mail of Incorporation {Dex+2}
 16317 | D:12     | Noticed a boulder beetle
 16656 | D:12     | Noticed a two-headed ogre
 16667 | D:12     | Killed a two-headed ogre
 16730 | D:12     | HP: 2/94 [skeletal warrior/+0 long sword (18)]
 16734 | D:12     | Noticed Urug
 16761 | D:12     | Killed a boulder beetle
 16789 | D:12     | HP: 5/142 [skeletal warrior/+0 battleaxe (12)]
 16790 | D:12     | Slain by a skeletal warrior

Illustrated notes

Levels and vault maps discovered:
D:1:      roderic_octagonal_star, layout_loops_corners, serial_shops, shop,
          minmay_misc_feat_encased, chequers_serial_rivers_small_b
D:2:      layout_basic, basic_ecumenical_altar
D:3:      layout_basic, mainiacjoe_overflow_concentric_impassable,
          minmay_checkerbox, uniq_grinder, uniq_terence
D:4:      layout_basic, mainiacjoe_overflow_catch_the_wave,
          nicolae_elemental_shop, uniq_duvessa
D:5:      layout_basic, serial_aquarium, aquarium_bridge_island_small
          [aquarium_subvault_small_open, aquarium_subvault_bridge,
          aquarium_subvault_bridge, aquarium_subvault_wall,
          aquarium_subvault_bridge], aquarium_window_corridor_3,
          aquarium_window_1, aquarium_view_2d, aquarium_balcony_5b,
          aquarium_pool_2, uniq_ijyb
D:6:      layout_loops_corners, minmay_temple_entry_glassed_door
D:7:      layout_loops_ring, nicolae_overflow_hidden_temple, enter_bailey_5,
          uniq_pikel
D:8:      layout_loops_ring
D:9:      layout_grid_maze, statue_in_the_mist_lemuel,
          hellmonk_guarded_unrand_sphere_of_battle
D:10:     cheibrodos_grave_circle, layout_basic, orc_0_dummy, uniq_maggie,
          uniq_josephine
D:11:     layout_stronghold, lair_entry_dummy, minmay_stone_trees_large
D:12:     layout_basic, uniq_urug
Temple:   nicolae_temple_superstar

Skill      XL: |  1  2  3  4  5  6  7  8  9 10 11 12 |
---------------+-------------------------------------+-----
Short Blades   | 4 5 6 7 8 9 11 | 11.2
Stealth        | 1 2 3 4 6 7 8 9 |  9.4
Fighting       | 3 4 5 6 7 8 9 |  9.0
Spellcasting   | 1 2 |  2.0
Dodging        | 5 6 7 8 9 10 11 | 11.0
Hexes          | 1 3 4 5 6 7 |  7.2
Ice Magic      | 2 3 4 5 |  5.0
Invocations    | 3 5 6 |  6.2
Shields        | 2 3 |  3.8
Throwing       | |  2.0

Action                     |  1- 3 |  4- 6 |  7- 9 | 10-12 || total
---------------------------+-------+-------+-------+-------++-------
  Melee: Rapier            |   151 |   205 |    30 |       ||   386
         Punch             |     2 |     2 |     6 |     1 ||    11
         Short sword       |       |       |   298 |   510 ||   808
         Dagger            |       |       |       |    68 ||    68
         Tailslap          |       |       |       |     4 ||     4
         Unarmed           |       |       |       |    15 ||    15
  Throw: Throwing net      |     3 |     7 |     1 |       ||    11
         Dart              |       |     5 |    16 |       ||    21
         Javelin           |       |       |     1 |       ||     1
   Cast: Ensorcelled Hiber |       |       |    66 |    89 ||   155
 Invoke: Stomp             |       |       |     2 |     4 ||     6
         Line Pass         |       |       |       |     3 ||     3
    Use: Potion            |       |     2 |     8 |     7 ||    17
         Scroll            |       |     5 |     6 |    21 ||    32
   Stab: Sleeping          |     3 |     3 |    41 |    27 ||    74
         Held in net/web   |       |     2 |     1 |       ||     3
         Invisible         |       |       |     2 |       ||     2
         Paralysed         |       |       |       |    11 ||    11
         Confused          |       |       |       |     1 ||     1
 Armour: Leather armour    |    51 |    61 |    30 |    85 ||   227
         Troll leather arm |       |       |       |    45 ||    45
         Skin              |       |       |       |    19 ||    19
  Dodge: Dodged            |   121 |   110 |   149 |   382 ||   762
         Repelled          |       |       |       |     1 ||     1
  Block: Buckler           |       |       |       |    63 ||    63
